 Dungeon Sprint DCSS version 0.21.1-1-g345015f (webtiles) character file.

635 lydgate the Grappler (level 7, -1/120 HPs)
             Began as a Troll Berserker on Feb 13, 2018.
             Was a Priest of Trog.
             Succumbed to Sonja's poison
             ... in the Dungeon (Sprint I: "Red Sonja").
             The game lasted 00:04:24 (282 turns).

lydgate the Grappler (Troll Berserker)               Turns: 282, Time: 00:04:24

Health: -1/120     AC:  5    Str: 31    XL:     7   Next: 25%
Magic:  6/6        EV: 13    Int:  3    God:    Trog [***...]
Gold:   326        SH:  0    Dex: 11    Spells: 6/6 levels left

rFire    . . .     SeeInvis .     - Unarmed
rCold    . . .     Gourm    +   (no shield)
rNeg     . . .     Faith    .   a - +0 animal skin
rPois    .         Spirit   .   (helmet restricted)
rElec    .         Reflect  .   (no cloak)
rCorr    .         Harm     .   (gloves unavailable)
MR       .....     NoTele   +   (boots unavailable)
Stlth    ..........             (no amulet)
HPRegen  0.70/turn              (no ring)
MPRegen  0.10/turn              (no ring)

@: berserking, lethally poisoned (-1 -> -67), hasted and slowed
A: large, unfitting armour, claws 3, fast metabolism 3, gourmand, regeneration
1, shaggy fur 1, tough skin 2
a: Berserk, Trog's Hand, Burn Spellbooks, Renounce Religion


You were in the Dungeon.
You worshipped Trog.
Trog was most pleased with you.
You were full.

You visited 1 branch You collected 326 gold pieces.

Inventory:

Armour
 a - a +0 animal skin (worn)
Scrolls
 h - a scroll of blinking
Potions
 f - 2 potions of magic
 g - a potion of berserk rage
Comestibles
 b - 2 rations


   Skills:
 + Level 8.1 Fighting
 + Level 8.1 Dodging
 + Level 9.6 Unarmed Combat


You had 6 spell levels left.
You didn't know any spells.

Dungeon Overview and Level Annotations

Branches:
Dungeon (1/1)

Altars:
Cheibriados
Dithmenos
Elyvilon
Fedhas
Gozag
Hepliaklqana
Kikubaaqudgha
Makhleb
Nemelex Xobeh
Okawaru
Qazlal
Ru
Sif Muna
Trog
Uskayaw
Vehumet
Wu Jian
Xom
Yredelemnul
Zin
The Shining One
Jiyva
Lugonu

Shops:
D (

Annotations:
D Sonja


Innate Abilities, Weirdness & Mutations

You are too large for most types of armour.
You have claws for hands.
Your metabolism is lightning-fast.
You like to eat raw meat.
Your natural rate of healing is unusually fast.
You are covered in fur. (AC +1)
You have very tough skin. (AC +2)


Message History

Sonja is heavily wounded.
* * * LOW HITPOINT WARNING * * *
You feel very sick.
Sonja barely misses you. x2; Sonja hits you but does no damage.
You are more poisoned.
Sonja hits you with an uncursed dagger of venom.
* * * LOW HITPOINT WARNING * * *
Sonja hits you but does no damage.
You are more poisoned.
Sonja hits you but does no damage.
You are more poisoned.
You are too berserk!
You completely miss Sonja.
Sonja is heavily wounded.
* * * LOW HITPOINT WARNING * * *
You feel very sick. Sonja closely misses you.
Sonja hits you but does no damage. x2
You miss Sonja.
Sonja is heavily wounded.
You die...

###################
#<.#..)..#.)'..#__#
#..)..#..'..#..'..+
#..#####'#####'#__#
#..####..#...#.####
#..#__####..##.#
#..#_____##'#_.+
#⌠⌠#_.∩...'K@._#
####_..__##_(#+#
#_____###(# #######
#.# $.$ #$.$# ##.##
#+#


You could see Sonja.

Vanquished Creatures
  A slime creature (D)
  Sigmund (D)
  A yak (D)
  An ogre (D)
  A jelly (D)
  Ijyb (D)
6 creatures vanquished.

Notes
Turn   | Place    | Note
-------+----------+-------------------------------------------
     0 | D        | lydgate the Troll Berserker began the quest for the Orb.
     0 | D        | Reached XP level 1. HP: 22/22 MP: 0/0
     1 | D        | Noticed Ijyb
    15 | D        | Killed Ijyb
    15 | D        | Reached skill level 4 in Unarmed Combat
    15 | D        | Reached XP level 2. HP: 32/32 MP: 1/1
    60 | D        | Noticed an ogre
    62 | D        | Killed an ogre
    62 | D        | Reached skill level 5 in Fighting
    62 | D        | Reached skill level 5 in Dodging
    62 | D        | Reached skill level 6 in Unarmed Combat
    62 | D        | Reached XP level 3. HP: 42/42 MP: 2/2
    62 | D        | Reached XP level 4. HP: 50/50 MP: 3/3
   115 | D        | Noticed Sigmund
   127 | D        | Killed Sigmund
   127 | D        | Reached ** piety under Trog
   127 | D        | Reached skill level 7 in Unarmed Combat
   127 | D        | Reached XP level 5. HP: 43/61 MP: 4/4
   127 | D        | Reached XP level 6. HP: 48/68 MP: 5/5
   170 | D        | Found a burning altar of Makhleb.
   170 | D        | Found a viscous altar of Jiyva.
   170 | D        | Found a shimmering altar of Xom.
   170 | D        | Found a corrupted altar of Lugonu.
   170 | D        | Noticed a slime creature
   180 | D        | Killed a slime creature
   180 | D        | Reached skill level 9 in Unarmed Combat
   211 | D        | Found an ornate altar of the Wu Jian Council.
   211 | D        | Found a deep blue altar of Sif Muna.
   213 | D        | Found a radiant altar of Vehumet.
   242 | D        | Found Qyfofo's Antique Weapon Emporium.
   242 | D        | Found an ancient bone altar of Kikubaaqudgha.
   242 | D        | Found a hazy altar of Hepliaklqana.
   242 | D        | Found a hide-covered altar of Uskayaw.
   242 | D        | Found a basalt altar of Yredelemnul.
   242 | D        | Found an opulent altar of Gozag.
   242 | D        | Found a snail-covered altar of Cheibriados.
   242 | D        | Found a sacrificial altar of Ru.
   242 | D        | Found a shadowy altar of Dithmenos.
   242 | D        | Noticed a yak
   246 | D        | Killed a yak
   246 | D        | Reached *** piety under Trog
   246 | D        | Reached XP level 7. HP: 80/80 MP: 6/6
   247 | D        | Found a stormy altar of Qazlal.
   247 | D        | Found a blossoming altar of Fedhas.
   247 | D        | Found a bloodstained altar of Trog.
   247 | D        | Found an iron altar of Okawaru.
   247 | D        | Found a glowing golden altar of the Shining One.
   247 | D        | Found a glowing silver altar of Zin.
   247 | D        | Found a white marble altar of Elyvilon.
   248 | D        | Found a sparkling altar of Nemelex Xobeh.
   260 | D        | Noticed Sonja
   281 | D        | HP: 5/120 [poisoned by Sonja]
   282 | D        | Succumbed to Sonja's poison

Skill      XL: |  1  2  3  4  5  6 |
---------------+-------------------+-----
Fighting       | 3 5 6 8 |  8.1
Dodging        | 3 5 6 8 |  8.1
Unarmed Combat | 4 6 7 9 |  9.6

Action                   |  1- 3 |  4- 6 |  7- 9 || total
-------------------------+-------+-------+-------++-------
Melee: Unarmed           |    14 |    22 |    10 ||    46
       Punch             |       |     1 |     1 ||     2
Invok: Berserk           |     2 |       |     1 ||     3
       Trog's Hand       |       |       |     1 ||     1
  Use: Potion            |       |       |     3 ||     3
  Eat: Chunk             |       |     9 |       ||     9
Armor: Animal skin       |     2 |     3 |    10 ||    15
Dodge: Dodged            |     3 |     6 |    22 ||    31
